 Dungeon Crawl Stone Soup version 0.24-a0-582-g4d4af81 (console) character file.

Game seed: 13278472581244580027

231 vegansnacktivist the Chopper (level 5, -3/46 HPs)
             Began as a Deep Dwarf Fighter on Aug 28, 2019.
             Slain by an iguana (9 damage)
             ... on level 4 of the Dungeon.
             The game lasted 00:02:04 (1048 turns).

vegansnacktivist the Chopper (Deep Dwarf Fighter)   Turns: 1048, Time: 00:02:05

Health: -3/46      AC:  6    Str: 20    XL:     5   Next: 73%
Magic:  5/5        EV:  7    Int:  9    God:
Gold:   106        SH:  9    Dex: 12    Spells: 4/4 levels left

rFire    . . .     SeeInvis .   a - +0 war axe
rCold    . . .     Gourm    +   c - +0 shield
rNeg     . . .     Faith    .   b - +0 scale mail
rPois    .         Spirit   .   (no helmet)
rElec    .         Reflect  .   (no cloak)
rCorr    .         Harm     .   (no gloves)
MR       .....                  (no boots)
Stlth    ..........             k - amulet of the gourmand
HPRegen  0.00/turn              (no ring)
MPRegen  0.09/turn              (no ring)

@: non-regenerating
A: damage resistance, heal wounds, sense surroundings 1, no regeneration
a: Heal Wounds


You were on level 4 of the Dungeon.
You were full.

You visited 1 branch of the dungeon, and saw 4 of its levels.

You collected 106 gold pieces.

Inventory:

Hand Weapons
 a - a +0 war axe (weapon)
Missiles
 h - 23 poisoned darts (quivered)
 i - 8 javelins
Armour
 b - a +0 scale mail (worn)
 c - a +0 shield (worn)
Jewellery
 k - an amulet of the gourmand (around neck)
 o - an uncursed amulet of harm {unknown}
Scrolls
 g - 2 scrolls of identify {unknown}
 j - 2 scrolls of remove curse {unknown}
 l - a scroll of fear {unknown}
Potions
 d - 2 potions of might
 e - a potion of ambrosia {unknown}
 m - a potion of agility {unknown}
 n - 3 potions of lignification {unknown}
Comestibles
 f - 4 rations


   Skills:
 - Level 2.6 Fighting
 + Level 6.7 Axes
 - Level 3.2 Armour
 - Level 3.2 Shields


You had 4 spell levels left.
You didn't know any spells.
Your spell library was empty.

Dungeon Overview and Level Annotations

Branches:
Dungeon (4/15)
 Temple: D:4-7

Altars:
Gozag
Kikubaaqudgha
Trog


Innate Abilities, Weirdness & Mutations

You are resistant to damage.
You can heal yourself by infusing magical energy.
You passively map a small area around you.
You do not regenerate.


Message History

The iguana barely misses you.
You completely miss the iguana.
The iguana is heavily wounded.
The iguana bites you but does no damage.
You hit the iguana but do no damage.
The iguana is heavily wounded.
You block the iguana's attack.
The iguana bites you but does no damage.
You hit the iguana.
The iguana is severely wounded.
The iguana bites you!
* * * LOW HITPOINT WARNING * * *
You barely miss the iguana.
The iguana is severely wounded.
The iguana bites you!
* * * LOW HITPOINT WARNING * * *
You completely miss the iguana.
The iguana is almost dead.
The iguana bites you!
You die...

_ ,,, , , #...... , , ,
... ,#...... #######
.......#...... * +
#.....##.......#......
#.....##.......#^....# ,
#.....##.......#.....#
,#..............#.....#
+..............#.....+
#....@.........+.....#
,, ,
#...l..........#.....# *
*#..(..##.......#....(#
*,
#.(..<###'######.....#
..(....#..............'
,
.((.....#..............#
.##.....#..............#
*#.....+..............#
#####+#..............#


You could see an iguana.

Vanquished Creatures
  A hound (D:4)
  An orc priest (D:3)
  2 orc wizards (D:3)
  A worker ant (D:4)
  5 adders
  2 worms (D:2)
  2 dart slugs (D:1)
  2 orcs (D:3)
  2 giant cockroaches
  A goblin (D:2)
  4 hobgoblins
  2 jackals (D:1)
  6 ball pythons
  3 bats
  8 kobolds
  4 rats
46 creatures vanquished.

Notes
Turn   | Place    | Note
-------+----------+-------------------------------------------
     0 | D:1      | vegansnacktivist the Deep Dwarf Fighter began the quest for
                  | the Orb.
     0 | D:1      | Reached XP level 1. HP: 20/20 MP: 1/1
    59 | D:1      | Reached skill level 3 in Axes
    59 | D:1      | Reached XP level 2. HP: 22/27 MP: 2/2
   277 | D:2      | Reached XP level 3. HP: 19/33 MP: 3/3
   332 | D:2      | Reached skill level 4 in Axes
   344 | D:2      | Found an opulent altar of Gozag.
   406 | D:2      | Found a bloodstained altar of Trog.
   491 | D:2      | Found an ancient bone altar of Kikubaaqudgha.
   607 | D:3      | Reached skill level 5 in Axes
   607 | D:3      | Reached XP level 4. HP: 16/40 MP: 4/4
   612 | D:3      | HP: 1/40 [hobgoblin (2)]
   614 | D:3      | Reached XP level 5. HP: 33/46 MP: 5/5
   726 | D:3      | Reached skill level 6 in Axes
  1048 | D:4      | Slain by an iguana

Levels and vault maps discovered:
D:1:      onia_arrival_mini_spirals, layout_loops_ring
D:2:      layout_basic, old_standard_altar,
          nicolae_gozag_cash_rules_everything_around_me,
          overflow_temple_1_default, first_ration
D:3:      layout_loops_ring, nicolae_overflow_crystal_walls, vehumet_crystals,
          minmay_shallow_snake_nest, uniq_jessica
D:4:      layout_gridville, nicolae_dithmenos_through_a_glass_darkly

Skill      XL: |  1  2  3  4  5 |
---------------+----------------+-----
Axes           | 3 5 6 |  6.7
Fighting       | |  2.6
Armour         | |  3.2
Shields        | |  3.2

Action                   |  1- 3 |  4- 6 || total
-------------------------+-------+-------++-------
Melee: War axe           |    82 |    63 ||   145
Throw: Dart              |       |     5 ||     5
 Abil: Heal Wounds       |       |     1 ||     1
  Eat: Chunk             |     1 |     6 ||     7
Armor: Scale mail        |    46 |    41 ||    87
Dodge: Dodged            |    35 |    18 ||    53
Block: Shield            |    50 |    39 ||    89

Table legend:
 A = Non-vault XP
 B = Vault XP
 C = Vault XP percentage of total XP
 D = Non-vault monster count
 E = Vault monster count
 F = Vault count percentage of total count
                 A         B        C        D         E       F
            +---------+---------+-------+---------+---------+-------
      Total |     312 |      19 |   5.7 |      41 |       5 |  10.9
            +---------+---------+-------+---------+---------+-------
        D:1 |      15 |       0 |   0.0 |       7 |       0 |   0.0
        D:2 |      70 |       0 |   0.0 |      20 |       0 |   0.0
        D:3 |     149 |      19 |  11.3 |      11 |       5 |  31.2
        D:4 |      78 |       0 |   0.0 |       3 |       0 |   0.0
            +---------+---------+-------+---------+---------+-------
